 Dungeon Crawl Stone Soup version 0.13-a0-2561-ge340899 (webtiles) character file.

267 Grabo the Insei (level 5, -1/40 HPs)
             Began as a Draconian Transmuter on July 30, 2013.
             Killed from afar by an orc wizard (3 damage)
             ... with a magic dart
             ... on Level 2 of the Dungeon.
             The game lasted 00:06:07 (3211 turns).

Grabo the Insei (Draconian Transmuter)              Turns: 3211, Time: 00:06:07

HP  -1/40        AC  5     Str 12      XL: 5   Next:  0%
MP   7/7         EV 17     Int 14      God:
Gold 130         SH  0     Dex 17      Spells:  2 memorised,  4 levels left

Res.Fire  : . . .   See Invis. : .     - Unarmed
Res.Cold  : . . .   Warding    : .   (armour unavailable)
Life Prot.: . . .   Conserve   : .   (no shield)
Res.Poison: .       Res.Corr.  : .   (helmet restricted)
Res.Elec. : .       Clarity    : .   (no cloak)
Sust.Abil.: + +     Spirit.Shd : .   (no gloves)
Res.Mut.  : .       Stasis     : .   (no boots)
Res.Rott. : .       Flight     : .   (no amulet)
Saprovore : . . .                    k - ring of sustain abilities {unknown}
                                     r - ring of sustain abilities {unknown}

@: agile, slightly resistant to hostile enchantments, stealthy
A: unfitting armour, AC +5
a: no special abilities


You were on level 2 of the Dungeon.
You were very hungry.

You visited 1 branch of the dungeon, and saw 3 of its levels.

You collected 110 gold pieces.

Inventory:

Hand weapons
 t - a +0,+0 sling
Missiles
 b - 12 arrows
Comestibles
 a - a bread ration
 g - an orange
 n - a meat ration
Scrolls
 h - 2 scrolls of remove curse {unknown}
 i - 2 scrolls of teleportation {unknown}
 j - 2 scrolls of enchant armour {unknown}
 l - a scroll of curse armour {unknown}
 p - a scroll of enchant weapon II {unknown}
 s - 2 scrolls of identify {unknown}
 u - a scroll of noise {unknown}
 v - a scroll of magic mapping {unknown}
Jewellery
 k - a ring of sustain abilities (right hand) {unknown}
 r - a ring of sustain abilities (left hand) {unknown}
Potions
 c - a potion of agility
 e - a potion of confusion {unknown}
 f - a potion of mutation {unknown}
 o - a potion of curing {unknown}
 q - a potion of might
Books
 d - a book of Changes

   Spells                             Type                      Level
   *Beastly Appendage                 Transmutation                1
   Sticks to Snakes                   Transmutation                2
   *Spider Form                       Transmutation/Poison         3
   Ice Form                           Ice/Transmutation            4
   Blade Hands                        Transmutation                5


   Skills:
 - Level 1.1 Fighting
 - Level 1.7 Dodging
 * Level 4.8 Unarmed Combat
 - Level 2.0 Spellcasting
 + Level 3.3 Transmutations
 + Level 1.1 Poison Magic


You had 4 spell levels left.
You knew the following spells:

 Your Spells              Type           Power        Failure   Level  Hunger
a - Beastly Appendage     Trmt           ##....       10%         1    ##.....
b - Spider Form           Trmt/Pois      #.........   30%         3    ####...


Dungeon Overview and Level Annotations

Branches:
Dungeon (3/27)

Altars:
Xom
Zin


Message History

You hear some strange, mumbled words.
Something tries to affect you, but you resist.
You hear some strange, mumbled words.
The magic dart hits you!
* * * LOW HITPOINT WARNING * * *
It hits you but does no damage.
Your talons disappear.
You see here a leather armour.
You hear some strange, mumbled words.
Something tries to affect you, but you resist.
It hits you.
* * * LOW HITPOINT WARNING * * *
You see here a leather armour.
You closely miss it. It hits you.
* * * LOW HITPOINT WARNING * * *
You miss it. You hit it.
You hear some strange, mumbled words.
The magic dart hits you!
You die...

#.##.######
#.##.##...#
#####
#.##.##.#.#
....#
#.##.##.#.#
###.########
#.##.##.#.#
.##.##.....#
#>......#.#
..#.##.###.#
#####.##%####.#
.##.##.# #.#
#.............#
....##.# #.#
#@###.##.######
.......###.#
#.# #.##.#
...........#
#.# #.##.#
############
#.# #.##.#
.<.....#### #.#
#.##.#
#.#....[..# #.#
#.##.#
#.#.......# #.#
#.##.#
#.........# #.#
#.##.#
###.......# #.#
#.##.#


There were no monsters in sight!

Vanquished Creatures
  An orc wizard (D:3)
  4 adders
  A giant mite (D:3)
  A worm (D:3)
  2 giant geckos (D:3)
  5 orcs (D:3)
  2 ball pythons
  4 hobgoblins (D:1)
  4 jackals
  2 quokkas
  9 bats
  4 giant cockroaches
  3 giant newts
  8 goblins
  4 kobolds
  6 rats
60 creatures vanquished.

Vanquished Creatures (others)
  An orc (D:3)
  A kobold (D:3)
2 creatures vanquished.

Grand Total: 62 creatures vanquished

Notes
Turn   | Place    | Note
--------------------------------------------------------------
     0 | D:1      | Grabo, the Draconian Transmuter, began the quest for the Orb.
     0 | D:1      | Reached XP level 1. HP: 16/16 MP: 1/1
   410 | D:1      | Reached XP level 2. HP: 21/23 MP: 3/3
   507 | D:1      | Found a shimmering altar of Xom.
   507 | D:1      | Found a shimmering altar of Xom.
   507 | D:1      | Found a shimmering altar of Xom.
  1253 | D:2      | Reached XP level 3. HP: 19/28 MP: 2/4
  1356 | D:2      | Found a glowing silver altar of Zin.
  1834 | D:2      | Reached skill level 4 in Unarmed Combat
  1898 | D:2      | Learned a level 3 spell: Spider Form
  2224 | D:3      | Reached XP level 4. HP: 6/35 MP: 6/6
  2542 | D:3      | Reached skill level 1 in Poison Magic
  2757 | D:3      | HP: 1/35 [worm (8)]
  3172 | D:2      | Reached XP level 5. HP: 30/40 MP: 7/7
  3209 | D:2      | HP: 2/40 [something (1)]
  3211 | D:2      | Killed from afar by an orc wizard

Action                   |  1- 3 |  4- 6 || total
-------------------------+-------+-------++-------
Melee: Unarmed           |   193 |    81 ||   274
Throw: Dagger            |     8 |     1 ||     9
       Hand axe          |     3 |       ||     3
 Cast: Beastly Appendage |     5 |     4 ||     9
  Use: Potion            |     1 |     1 ||     2
